 Dungeon Crawl Stone Soup version 0.31.0-9-g3a7656b989 (webtiles) character file.

Game seed: 13978565728978174093

453 Killerpretzel the Changeling (level 7, -1/69 HPs)
             Began as an Octopode Shapeshifter on Feb 6, 2024.
             Slain by an ogre
             ... wielding a +0 giant club
              (14 damage)
             ... on level 5 of the Dungeon.
             The game lasted 00:09:23 (2747 turns).

Killerpretzel the Changeling (OpSh)                 Turns: 2747, Time: 00:09:23

Health: -1/69      AC: 23    Str: 13    XL:     7   Next: 5%
Magic:  7/7        EV:  2    Int: 12    God:
Gold:   141        SH:  0    Dex: 14    Spells: 6/6 levels left

rFire   . .          .
                       - Unarmed
rCold   . . .        (no shield)
rNeg    . . .        (helmet currently unavailable)
rPois   +            (no amulet)
rElec   .            (no ring)
rCorr   .            (no ring)
SInv    .            (no ring)
Will    .....        (no ring)
Stlth   +            (no ring)
HPRegen 0.31/turn    (no ring)
MPRegen 0.10/turn    (no ring)
                     (no ring)

%: no passive effects
@: tree-form, hasted, very quick
A: stationary, stasis, torment immunity, boosted hp, almost no armour,
(amphibious), 8 rings, (camouflage 1), (gelatinous body 1), (nimble swimmer 1),
(tentacles)
a: no special abilities


You were on level 5 of the Dungeon.
You were a tree.
You visited 1 branch of the dungeon, and saw 5 of its levels.

You collected 141 gold pieces.

Inventory:

Talismans
 b - a beast talisman
 c - a flux talisman
Wands
 g - a wand of iceblast (9)
Scrolls
 e - 4 scrolls of teleportation
Potions
 a - a potion of lignification
 d - a potion of cancellation
 f - a potion of degeneration {unknown}
 h - a potion of haste
 j - a potion of might {unknown}
 k - a potion of attraction {unknown}


   Skills:
 + Level 3.1 Fighting
 + Level 3.7 Dodging
 + Level 4.3 Unarmed Combat
 * Level 5.1 Shapeshifting


You had 6 spell levels left.
You didn't know any spells.
Your spell library contained the following spells:

 Spells                   Type           Power      Damage    Failure   Level
 Blink                    Tloc           0%         N/A       45%         2
 Lesser Beckoning         Tloc           0%         N/A       45%         2
 Momentum Strike          Conj/Tloc      0%         3d8       45%         2
 Ozocubu's Armour         Ice            0%         N/A       69%         3
 Metabolic Englaciation   Hex/Ice        0%         N/A       100%        5
 Sculpt Simulacrum        Ice/Alch       0%         N/A       100%        6


Dungeon Overview and Level Annotations

Branches:
Dungeon (5/15)             Temple (0/1) D:5

Altars:
Elyvilon

Shops:
D:3 [


Innate Abilities, Weirdness & Mutations

You are a tree.
Your roots penetrate the ground, keeping you stationary.
You cannot be teleported.
You are immune to unholy pain and torment.
Your maximum health is greatly increased.
You cannot wear most types of armour.
((You are amphibious.))
You can wear up to eight rings at the same time.
((Your skin changes colour to match your surroundings (Stealth+).))
((Your rubbery body absorbs attacks. (AC +1, EV +1)))
((You are camouflaged when in or above water. (Stealth+)))
((You have tentacles for arms and can constrict up to eight enemies at once.))


Message History

There is an open door here.
An ogre comes into view. It is wielding a +0 giant club.
An orc comes into view. It is wielding a +0 hand axe.
A scorpion comes into view.
The hound closely misses you.
You tentacle-slap the hound. Your grab misses the hound. You squeeze the hound.
The hound is heavily wounded.
The hound barely misses you. The hound bites you. The ogre closely misses you.
There is an open door here.
You closely miss the hound. You grab the hound.
The hound is heavily wounded.
You constrict the hound. The hound barely misses you. The hound bites you.
You tentacle-slap the hound but do no damage.
The hound is heavily wounded.
You constrict the hound. The hound barely misses you.
You tentacle-slap the hound.
The hound is almost dead.
You constrict the hound.
You kill the hound!
You have reached level 7!
You feel yourself speed up. The ogre hits you with a +0 giant club!
You tentacle-slap the ogre. Your squeeze misses the ogre.
The ogre is lightly wounded.
You barely miss the ogre.
The ogre is lightly wounded.
You tentacle-slap the ogre but do no damage.
You squeeze the ogre.
The ogre is moderately wounded.
The ogre hits you with a +0 giant club!!
Ouch! That really hurt!
* * * LOW HITPOINT WARNING * * *
Your transformation has ended.
You turn into a tree.
Your roots penetrate the ground.
Okay, then.
You smack the ogre!
The ogre is severely wounded.
The ogre hits you with a +0 giant club!
You die...

..... . ...## #..#♣
.( .... #...♣ ...
...# #... ..>. ###..
#..#
.....#...#####..#
.........+...#..#
##.....###.#..#♣+♣♣♣+
#.....sO♣..)........
#.....o###.#††....#.
#...###### #.#.###..#
### #.#......#
#.#...#.## #.#.#.#
#.#.#.# #.#.#.# #.#.#


You could see an ogre, a scorpion and an orc.

Vanquished Creatures
  An ogre (D:5)
  A phantom (D:4)
  2 hounds (D:5)
  2 jellies (D:4)
  2 iguanas (D:4)
  2 adders
  5 dart slugs
  2 ribbon worms
  5 orcs
  4 endoplasms
  4 giant cockroaches (D:1)
  13 goblins
  9 hobgoblins
  9 jackals
  2 quokkas
  4 ball pythons
  5 bats
  3 frilled lizards
  7 kobolds
  2 rats
84 creatures vanquished.

Notes
Turn   | Place    | Note
-------+----------+-------------------------------------------
     0 | D:1      | Killerpretzel the Octopode Shapeshifter began the quest for
                  | the Orb.
     0 | D:1      | Reached XP level 1. HP: 13/13 MP: 1/1
    55 | D:1      | Reached XP level 2. HP: 16/18 MP: 2/2
   109 | D:1      | Found a faded altar of an unknown god.
   295 | D:1      | Reached XP level 3. HP: 23/23 MP: 3/3
   778 | D:2      | Reached XP level 4. HP: 23/29 MP: 4/4
  1518 | D:3      | Found Geveak's Antique Armour Shoppe.
  1995 | D:4      | Reached skill level 4 in Shapeshifting
  1995 | D:4      | Reached XP level 5. HP: 22/34 MP: 5/5
  2091 | D:4      | Noticed a phantom
  2165 | D:4      | Killed a phantom
  2253 | D:4      | Reached XP level 6. HP: 37/41 MP: 6/6
  2353 | D:4      | Found a white marble altar of Elyvilon.
  2568 | D:5      | Entered Level 5 of the Dungeon
  2635 | D:5      | Reached skill level 5 in Shapeshifting
  2732 | D:5      | Found a staircase to the Ecumenical Temple.
  2742 | D:5      | Reached XP level 7. HP: 41/46 MP: 7/7
  2747 | D:5      | Slain by an ogre

Illustrated notes

Levels and vault maps discovered:
D:1:      shiori_arrival_oz, layout_basic,
          hellmonk_ecumenical_altar_heavens_door, st_stairs_5,
          kennysheep_nondescript
D:2:      layout_rooms
D:3:      layout_rooms, serial_curves, eino_curves_01, eino_curves_04,
          serial_shops, nicolae_shop_window_shopping, eino_curves_04
D:4:      layout_rooms, elyvilon_altar_3, serial_curves, eino_curves_02,
          eino_curves_04
D:5:      layout_basic, mainiacjoe_overflow_six_doors_small,
          minmay_temple_entry_tees

Skill      XL: |  1  2  3  4  5  6 |
---------------+-------------------+-----
Fighting       | 2 3 |  3.1
Shapeshifting  | 4 5 |  5.1
Dodging        | 3 |  3.7
Unarmed Combat | 4 |  4.3

Action                     |  1- 3 |  4- 6 |  7- 9 || total
---------------------------+-------+-------+-------++-------
  Melee: Unarmed           |    66 |   104 |     4 ||   174
         Punch             |     1 |     1 |       ||     2
         Constrict         |    18 |    28 |       ||    46
         Tentacles         |    16 |    21 |     1 ||    38
    Use: Scroll            |     1 |     7 |       ||     8
         Potion            |       |     1 |     2 ||     3
   Stab: Sleeping          |     1 |     1 |       ||     2
 Armour: Skin              |    27 |    26 |     3 ||    56
  Dodge: Dodged            |    32 |    68 |       ||   100
